 Dungeon Crawl Stone Soup version 0.26.0-10-g1f06aea511 (webtiles) character file.

Game seed: 1967481378303021205

3838 night the Fighter (level 10, 0/67 HPs)
             Began as a Gargoyle Monk on Jan 23, 2021.
             Was a High Priest of Zin.
             Slain by an ufetubus (1 damage)
             ... on level 2 of the Abyss.
             The game lasted 00:23:01 (7882 turns).

night the Fighter (Gargoyle Monk)                   Turns: 7882, Time: 00:23:02

Health: 0/67       AC: 21    Str: 18    XL:     10   Next: 18%
Magic:  23/25      EV:  4    Int: 17    God:    Zin [*****.]
Gold:   182        SH: 12    Dex: 12    Spells: 9/9 levels left

rFire    . . .     SeeInvis .   O - +0 whip (elec)
rCold    . . .     Faith    .   B - +0 kite shield
rNeg     + . .     Spirit   .   I - +1 chain mail "Iwoinkon" {Int+6}
rPois    ∞         Reflect  +   l - +0 helmet
rElec    +         Harm     .   (no cloak)
rCorr    .         Rampage  .   d - +3 pair of gauntlets of War {Slay+5}
Will     .....                  (no boots)
Stlth    ..........             H - amulet of reflection
HPRegen  0.21/turn              K - ring of attention
MPRegen  0.19/turn              b - ring of magical power

@: brilliant, about to teleport
A: negative energy resistance 1, electricity resistance, unbreathing,
petrification resistance, miasma immunity, AC +7
a: Renounce Religion, Recite, Vitalisation, Imprison, Sanctuary, Donate Gold


You were on level 2 of the Abyss.
You worshipped Zin.
Zin was extremely pleased with you.
You visited 1 branch of the dungeon, and saw 8 of its levels.
You visited the Abyss 1 time.

You collected 486 gold pieces.
You spent 256 gold pieces at shops.
You donated 48 gold pieces to Zin.

Inventory:

Hand Weapons
 y - a +0 mace of venom
 M - a +4 hunting sling of freezing
 O - a +0 whip of electrocution (weapon)
 R - a +0 morningstar
Missiles
 e - 149 arrows
 g - 83 poisoned darts (quivered)
 h - 3 atropa-tipped darts
 i - 364 stones
 o - 46 bolts
 r - 15 boomerangs of dispersal
 w - 79 sling bullets
 A - 10 boomerangs
Armour
 d - the +3 pair of gauntlets of War (worn) {Slay+5}
   (You found it on level 6 of the Dungeon)

   It affects your accuracy and damage with ranged weapons and melee attacks
   (+5).
 l - a +0 helmet (worn)
 p - a +0 scale mail
 B - a +0 kite shield (worn)
 D - a +0 plate armour
 I - the +1 chain mail "Iwoinkon" (worn) {Int+6}
   (You bought it in a shop on level 7 of the Dungeon)

   It affects your intelligence (+6).
Jewellery
 b - a ring of magical power (right hand)
 k - a +6 ring of intelligence
 H - an amulet of reflection (around neck)
 J - an uncursed ring of positive energy
 K - a ring of attention (left hand)
 S - an uncursed ring of wizardry {unknown}
Wands
 C - a wand of flame (24)
 L - a wand of acid (11)
 Q - a wand of iceblast (11)
Scrolls
 a - 3 scrolls of magic mapping
 j - a scroll of fog {unknown}
 m - 7 scrolls of teleportation
 q - 2 scrolls of enchant weapon {unknown}
 s - 4 scrolls of immolation {unknown}
 t - 2 scrolls of noise {unknown}
 v - a scroll of remove curse
 x - 4 scrolls of fear {unknown}
 z - 3 scrolls of enchant armour {unknown}
 P - a scroll of blinking {unknown}
Potions
 c - 5 potions of curing
 f - 3 potions of flight
 n - 2 potions of haste
 u - a potion of attraction
 E - 2 potions of berserk rage
 F - a potion of invisibility
 N - a potion of brilliance


   Skills:
 + Level 9.7 Fighting
 + Level 9.0 Maces & Flails
 - Level 2.4 Dodging
 - Level 2.1 Stealth
 + Level 8.8 Invocations


You had 9 spell levels left.
You didn't know any spells.
Your spell library contained the following spells:

 Spells                   Type           Power        Failure   Level
 Bolt of Magma            Conj/Fire/Erth 0%           100%        5
 Iskenderun's Battlesphe  Conj           0%           100%        5
 Iron Shot                Conj/Erth      0%           100%        6
 Orb of Destruction       Conj           0%           100%        7
 Spellforged Servitor     Conj/Summ      0%           100%        7


Dungeon Overview and Level Annotations

Branches:
Dungeon (8/15)             Temple (0/1) D:7
   Lair: D:8-11

Altars:
Dithmenos
Makhleb
Okawaru
Uskayaw
Zin
The Shining One

Shops:
D:2 *   D:7 }}[[[

Annotations:
D:3 2 runed translucent doors, shitwizard's ghost, weakling DsCK
D:8 Psyche


Innate Abilities, Weirdness & Mutations

You are resistant to torment.
Your stone body is resilient. (AC +7)
You are immune to poison.
You resist negative energy. (rN+)
You are resistant to electric shocks. (rElec)
You can survive without breathing.
You are immune to petrification.
You are immune to miasma.


Message History

* * * LOW HITPOINT WARNING * * *
You hold your ground!
The thrashing horror tramples you but does no damage. x2
You block the thrashing horror's attack. x2
The thrashing horror tramples you but does no damage.
The thrashing horror barely misses you.
The thrashing horror tramples you but does no damage.
You fail to use your ability.
The thrashing horror roars!
You hear a roar!
You block the thrashing horror's attack.
The thrashing horror tramples you.
* * * LOW HITPOINT WARNING * * *
You hold your ground!
You block the thrashing horror's attack.
The thrashing horror completely misses you.
A thrashing horror comes into view.
The ufetubus hits you but does no damage. x2
The large abomination completely misses you.
The ufetubus hits you.
You die...

.... ........ .... ......
.. #.... ..... ... .
###...###...###... # .
..#.....#..>..#.... . ...
................. ..
...........X......... .
.............@5........ ..
.. ..#.....#X4X..#....
..### ..###...###...## .
...#..$..#.....# ....#. .
.. .............X......
......................#!#
............. .........#..
...#.5...#........_.......
..### ..###.... ##..#####


You could see 3 thrashing horrors, a large abomination, a chaos spawn and an
ufetubus.

Vanquished Creatures
  A thrashing horror (Abyss:2)
  Pikel (D:7)
  An ugly thing (D:6)
  Joseph (D:7)
  2 ice beasts
  2 sky beasts
  An ogre (D:6)
  A centaur (D:8)
  A lemure (D:7)
  2 big kobolds (D:6)
  A bullfrog (D:7)
  A gnoll sergeant (D:6)
  A water moccasin zombie (D:5)
  A wyvern skeleton (D:6)
  4 scorpions
  4 wights (D:6)
  2 howler monkeys
  A centaur skeleton (D:7)
  6 hounds
  A bullfrog skeleton (D:6)
  An orc priest (D:7)
  Jessica (D:3)
  Terence (D:3)
  An iguana (D:8)
  3 orc wizards
  2 worker ants
  A hound zombie (D:7)
  9 gnolls
  6 adders
  A shadow imp (D:5)
  3 white imps
  An ooze (D:1)
  An adder skeleton (D:7)
  2 worms (D:3)
  A dart slug (D:4)
  6 leopard geckos
  16 orcs
  2 ball pythons (D:2)
  4 giant cockroaches
  7 goblins
  2 hobgoblins
  6 jackals
  11 kobolds
  4 quokkas
  A ball python skeleton (D:4)
  4 bats
  4 frilled lizards
  A jackal skeleton (D:7)
  A leopard gecko skeleton (D:4)
  2 rats
140 creatures vanquished.

Vanquished Creatures (others)
  5 plants (D:3)
5 creatures vanquished.

Grand Total: 145 creatures vanquished

Notes
Turn   | Place    | Note
-------+----------+-------------------------------------------
     0 | D:1      | night the Gargoyle Monk began the quest for the Orb.
     0 | D:1      | Reached XP level 1. HP: 14/14 MP: 1/1
    84 | D:1      | Reached XP level 2. HP: 19/19 MP: 2/2
  1117 | D:2      | Found Zin's Purification Station.
  1117 | D:2      | Found a glowing silver altar of Zin.
  1138 | D:2      | Became a worshipper of Zin the Law-Giver
  1138 | D:2      | Reached * piety under Zin
  1138 | D:2      | Reached ** piety under Zin
  1262 | D:2      | Reached XP level 3. HP: 22/24 MP: 3/3
  1344 | D:2      | Reached *** piety under Zin
  1734 | D:3      | Found a runed translucent door.
  1862 | D:3      | Noticed Jessica
  1872 | D:3      | Killed Jessica
  1873 | D:3      | Reached skill level 1 in Invocations
  1873 | D:3      | Reached XP level 4. HP: 27/30 MP: 5/5
  1906 | D:3      | Noticed Terence
  1918 | D:3      | Killed Terence
  2041 | D:3      | Found a runed translucent door.
  2045 | D:3      | Noticed shitwizard's ghost (weakling DsCK)
  2090 | D:3      | Reached XP level 5. HP: 34/34 MP: 6/6
  2354 | D:3      | Found a burning altar of Makhleb.
  2488 | D:3      | Reached **** piety under Zin
  2863 | D:4      | Reached skill level 5 in Fighting
  2934 | D:4      | Reached XP level 6. HP: 40/40 MP: 8/8
  3133 | D:4      | Reached skill level 5 in Maces & Flails
  3851 | D:4      | Reached XP level 7. HP: 42/45 MP: 9/9
  3939 | D:5      | Entered Level 5 of the Dungeon
  4204 | D:5      | Found a hide-covered altar of Uskayaw.
  4209 | D:5      | Found a glowing golden altar of the Shining One.
  4764 | D:6      | Reached XP level 8. HP: 52/52 MP: 11/11
  4857 | D:6      | Reached skill level 5 in Invocations
  4867 | D:6      | Found the +3 pair of gauntlets of War {Slay+5}
  5282 | D:6      | Reached ***** piety under Zin
  5857 | D:7      | Found Xelun's Antique Armour Shoppe.
  5859 | D:7      | Found Riuttyergh's Armour Shoppe.
  5892 | D:7      | Bought a steaming chain mail for 256 gold pieces
  5902 | D:7      | Identified the +1 chain mail "Iwoinkon" {Int+6} (You bought
                  | it in a shop on level 7 of the Dungeon)
  5904 | D:7      | Found Jeseigek's Antique Armour Boutique.
  5907 | D:7      | Noticed a green ugly thing
  6170 | D:6      | Killed a green ugly thing
  6171 | D:6      | Reached XP level 9. HP: 49/59 MP: 14/14
  6627 | D:7      | Noticed Joseph
  6633 | D:7      | Found Ohuri's Gadget Shoppe.
  6642 | D:7      | Killed Joseph
  6775 | D:7      | Found Raug's Gadget Shop.
  6849 | D:7      | Found a staircase to the Ecumenical Temple.
  6925 | D:7      | Noticed Pikel
  6943 | D:7      | Killed Pikel
  7220 | D:8      | Found a shadowy altar of Dithmenos.
  7702 | D:8      | Found an iron altar of Okawaru.
  7781 | D:8      | Noticed Psyche
  7786 | D:8      | Noticed a two-headed ogre
  7788 | D:8      | Cast into level 2 of the Abyss (Psyche)
  7799 | Abyss:2  | Found a corrupted altar of Lugonu.
  7821 | Abyss:2  | Noticed a thrashing horror
  7854 | Abyss:2  | Zin protects you from harm!
  7855 | Abyss:2  | Killed a thrashing horror
  7856 | Abyss:2  | Reached XP level 10. HP: 7/67 MP: 16/16
  7865 | Abyss:2  | Noticed a thrashing horror
  7871 | Abyss:2  | Found a corrupted altar of Lugonu.
  7875 | Abyss:2  | Noticed a large abomination
  7878 | Abyss:2  | Noticed a thrashing horror
  7881 | Abyss:2  | HP: 3/67 [thrashing horror (5)]
  7882 | Abyss:2  | HP: 1/67 [thrashing horror (3)]
  7882 | Abyss:2  | Noticed a thrashing horror
  7882 | Abyss:2  | Slain by an ufetubus

Illustrated notes

Levels and vault maps discovered:
D:1:      lemuel_arrival_lava_pool, layout_basic,
          chequers_serial_rivers_large_a, minmay_liquid_box, st_stairs_8
D:2:      layout_basic, zin_purify
D:3:      layout_loops_cross, lemuel_round_altar, ebering_ghost_sewer_f,
          serial_forest, infiniplex_forest_clump_small,
          infiniplex_forest_straight_2, infiniplex_forest_straight_3,
          infiniplex_forest_lined_3, infiniplex_forest_clump_medium,
          infiniplex_forest_lined_corner, infiniplex_forest_lined_1,
          infiniplex_forest_lined_2, infiniplex_forest_lined_4_way,
          kennysheep_generic_room_13, uniq_crazy_yiuf_cottage, uniq_terence,
          uniq_jessica
D:4:      layout_cave_pods, hangedman_abyss_or_decor_passed
D:5:      layout_basic, grunt_temple_overflow_open
D:6:      layout_gridville, minmay_unpleasant_kobolds
D:7:      layout_rooms, minmay_temple_entry_overgrown, serial_shops,
          nicolae_shop_statue_plus, shop_fountains,
          nicolae_shop_competitors_out_of_business, shop_statue,
          nicolae_shop_waterfront, chequers_mini_garden, uniq_pikel, uniq_joseph
D:8:      minmay_slanted_spiral_squares, layout_basic, general_overflow_altar,
          old_standard_altar, uniq_psyche
Abyss:2:  base:
D:5

Skill      XL: |  1  2  3  4  5  6  7  8  9 |
---------------+----------------------------+-----
Fighting       | 4 5 6 8 9 |  9.7
Maces & Flails | 4 5 6 7 9 |  9.0
Invocations    | 1 2 3 4 6 8 |  8.8
Dodging        | |  2.4
Stealth        | |  2.1

Action                   |  1- 3 |  4- 6 |  7- 9 | 10-12 || total
-------------------------+-------+-------+-------+-------++-------
Melee: Mace              |    96 |   151 |   228 |       ||   475
       Morningstar       |       |       |    11 |       ||    11
       Whip              |       |       |     6 |       ||     6
Throw: Dart              |       |     3 |    10 |       ||    13
Invok: Recite            |       |     1 |    10 |       ||    11
       Vitalisation      |       |     1 |       |       ||     1
       Imprison          |       |       |       |     1 ||     1
Evoke: Wand              |       |       |     6 |       ||     6
  Use: Potion            |       |     4 |     1 |     2 ||     7
       Scroll            |       |       |    10 |     1 ||    11
 Stab: Invisible         |       |     2 |     1 |       ||     3
       Paralysed         |       |       |     1 |       ||     1
Armor: Robe              |     2 |       |       |       ||     2
       Scale mail        |    41 |    86 |    33 |       ||   160
       Ring mail         |     5 |       |       |       ||     5
       Plate armour      |       |       |    63 |       ||    63
       Chain mail        |       |       |    87 |    20 ||   107
Dodge: Dodged            |    77 |    78 |    50 |     5 ||   210
Block: Kite shield       |       |    16 |   142 |    14 ||   172
       Reflection        |       |       |     6 |       ||     6
